 Dungeon Crawl Stone Soup version 0.30-a0-779-g7971cf19c3 (webtiles) character file.

Game seed: 16857591278139035140

89 Zonian the Sneak (level 4, -13/23 HPs)
             Began as a Vine Stalker Brigand on Feb 18, 2023.
             Mangled by a wyvern (15 damage)
             ... on level 4 of the Dungeon.
             The game lasted 00:04:25 (2430 turns).

Zonian the Sneak (Vine Stalker Brigand)             Turns: 2430, Time: 00:04:25

Health: -13/23     AC:  5    Str: 16    XL:     4   Next: 55%
Magic:  0/5        EV: 12    Int: 11    God:
Gold:   219        SH:  0    Dex: 17    Spells: 3/3 levels left

rFire   . . .      SeeInvis .    a - +2 dagger
rCold   . . .      Faith    .    (no shield)
rNeg    . . .      Spirit   +    b - +0 robe
rPois   .          Reflect  .    C - +1 helmet
rElec   .          Harm     .    c - +0 cloak
rCorr   +          Rampage  .    (no gloves)
Will    .....                    (no boots)
Stlth   +++                      t - amulet of the acrobat
HPRegen 1.03/turn                o - ring of flight
MPRegen 0.09/turn                B - ring of Departure {rCorr Str+2}

@: flying
A: fangs 2, regeneration 1, magic shield, antimagic bite, no potion heal 2
a: no special abilities


You were on level 4 of the Dungeon.
You visited 1 branch of the dungeon, and saw 4 of its levels.

You collected 219 gold pieces.

Inventory:

Hand Weapons
 a - a +2 dagger (weapon)
 n - a +2 whip of venom
 r - the +10 spear of the Noxious God {heavy, rPois rCorr}
   (You found it on level 2 of the Dungeon)

   rPois:     It protects you from poison.
   rCorr:     It protects you from acid and corrosion.
 w - a +0 sling
Missiles
 d - 15 poisoned darts (quivered)
 e - 3 curare-tipped darts
Armour
 b - a +0 robe (worn)
 c - a +0 cloak (worn)
 C - a +1 helmet (worn)
Jewellery
 o - a ring of flight (left hand)
 p - an amulet of faith
 t - an amulet of the acrobat (around neck)
 B - the ring of Departure (right hand) {rCorr Str+2}
   (You found it on level 3 of the Dungeon)

   [ring of resist corrosion]

   Str:       It affects your strength (+2).
   rCorr:     It protects you from acid and corrosion.
Wands
 y - a wand of quicksilver (2)
Scrolls
 f - a scroll of identify
 g - 2 scrolls of teleportation {unknown}
 k - a scroll of noise {unknown}
 l - a scroll of torment {unknown}
 m - 2 scrolls of brand weapon {unknown}
 s - a scroll of blinking {unknown}
 v - a scroll of enchant armour {unknown}
 z - a scroll of silence {unknown}
Potions
 h - a potion of degeneration
 i - a potion of ambrosia
 j - a potion of haste
 q - 2 potions of lignification {unknown}
 u - 3 potions of brilliance {unknown}
 x - a potion of cancellation {unknown}
 A - a potion of heal wounds {unknown}


   Skills:
 + Level 2.4 Fighting
 - Level 2.1 Short Blades
 + Level 0.7 Polearms
 + Level 2.3 Throwing
 + Level 1.6 Dodging
 + Level 5.4 Stealth


You had 3 spell levels left.
You didn't know any spells.
Your spell library was empty.

Dungeon Overview and Level Annotations

Branches:
Dungeon (4/15)
 Temple: D:4-7

Altars:


Innate Abilities, Weirdness & Mutations

You have extremely sharp teeth.
Your natural rate of healing is unusually fast.
When hurt, damage is shared between your health and your magic reserves.
Your bite disrupts and absorbs the magic of your enemies.
Potions cannot restore your health.


Message History

No target in view!
Unknown command.
Done exploring.
Done exploring.
Unknown command.
(D) Dungeon
Where to? (Enter - D:3, ? - help)
There is a stone staircase leading down here.
You fly downwards.
Found a runed helmet, a chain mail and 10 gold pieces.
There is a stone staircase leading up here.
A wyvern is nearby!
Unknown command.
Found 2 boomerangs.
You see here a +1 helmet.
C - a +1 helmet You start putting on your armour.
You continue putting on your +1 helmet. x4
You finish putting on your +1 helmet.
Unknown command.
a - a +2 dagger (weapon)
You see here 10 gold pieces.
The helpless wyvern fails to defend itself.
You impale the wyvern!!
The wyvern is almost dead.
The wyvern bites you! x2
Unknown command.
Okay, then.
Aiming: Quicksilver Bolt
Press: ? - help, Shift-Dir - straight line, f - wyvern
Aim: a wyvern (almost dead, 71% to hit)
The bolt of dispelling energy misses the wyvern.
The wyvern bites you!
* * * LOW HITPOINT WARNING * * *
Aiming: Quicksilver Bolt
Press: ? - help, Shift-Dir - straight line, f/p - wyvern
Aim: a wyvern (almost dead, 71% to hit)
The bolt of dispelling energy misses the wyvern.
The wyvern bites you!
Ouch! That really hurt!
You die...

### #.. # #.# #. #..
#.##.# .# ....# .#
#l.## .# #. #.@.#
.### #..###...# ... .
#......$.# ###.###...
#.##...[.###........(
#..#<.............
#..##..##.#.####.#
#.. #..##.#.# #.#
#..##.#.# #.
......#.#


You could see a wyvern.

Vanquished Creatures
  Jessica (D:2)
  4 worms
  6 ball pythons
  2 endoplasms
  A giant cockroach (D:1)
  4 goblins
  4 hobgoblins
  7 jackals (D:1)
  A quokka (D:3)
  3 bats
  4 frilled lizards
  5 kobolds
  7 rats
49 creatures vanquished.

Notes
Turn   | Place    | Note
-------+----------+-------------------------------------------
     0 | D:1      | Zonian the Vine Stalker Brigand began the quest for the
                  | Orb.
     0 | D:1      | Reached XP level 1. HP: 11/11 MP: 2/2
   414 | D:1      | Reached skill level 1 in Dodging
   414 | D:1      | Reached XP level 2. HP: 15/15 MP: 3/3
   441 | D:1      | Reached skill level 5 in Stealth
   758 | D:1      | Reached XP level 3. HP: 17/18 MP: 4/4
   997 | D:2      | Identified the +10 spear of the Noxious God {heavy, rPois
                  | rCorr}
  1498 | D:2      | Noticed Jessica
  1504 | D:2      | Killed Jessica
  1505 | D:2      | Gained mutation: Your natural rate of healing is unusually
                  | fast. [Vine Stalker growth]
  1505 | D:2      | Reached XP level 4. HP: 23/23 MP: 5/5
  2084 | D:3      | Identified the ring of Departure {rCorr Str+2}
  2406 | D:4      | Noticed a wyvern
  2429 | D:4      | HP: 1/23 [wyvern (7)]
  2430 | D:4      | Mangled by a wyvern

Illustrated notes

Levels and vault maps discovered:
D:1:      erik_arrival_blinker_ship, layout_loops_ring
D:2:      layout_loops_cross, kennysheep_generic_room_3, uniq_jessica
D:3:      layout_basic, chequers_serial_rivers_small_a
D:4:      layout_loops_ring, minmay_temple_entry_wispy

Skill      XL: |  1  2 |
---------------+-------+-----
Dodging        | 1 |  1.6
Stealth        | 5 |  5.4
Fighting       | 2 |  2.4
Short Blades   | 2 |  2.1
Throwing       | 2 |  2.3
Polearms       | |  0.7

Action                     |  1- 3 |  4- 6 || total
---------------------------+-------+-------++-------
  Melee: Dagger            |    70 |     1 ||    71
         Bite              |    13 |     2 ||    15
         Spear             |    15 |    17 ||    32
         Whip              |     3 |       ||     3
  Throw: Dart              |     6 |       ||     6
  Evoke: Wand              |       |     2 ||     2
    Use: Scroll            |       |     3 ||     3
   Stab: Sleeping          |    10 |     3 ||    13
 Armour: Robe              |    18 |       ||    18
  Dodge: Dodged            |    43 |    10 ||    53

Table legend: (Time is in decaauts)
 A = Elapsed time spent in this place.
 B = Non-inter-level travel time spent in this place.
 C = Inter-level travel time spent in this place.
 D = Time resting spent in this place.
 E = Time spent auto-exploring this place.
 F = Levels seen in this place.
 G = Mean time per level.
                   A        B        C        D        E       F      G
               +--------+--------+--------+--------+--------+-----+--------+
         Total |   2438 |   2374 |     64 |    444 |   1471 |   4 |  609.5 |
       Dungeon |   2438 |   2374 |     64 |    444 |   1471 |   4 |  609.5 |
               +--------+--------+--------+--------+--------+-----+--------+

Top non-repeatable levels by time:
     D:1: 905 daAuts
     D:3: 768 daAuts
     D:2: 741 daAuts
     D:4: 23 daAuts
